 Dungeon Crawl Stone Soup version 0.30.0-19-g36f170ea60 (webtiles) character file.

Game seed: 5231976423508543971

37 Irreverend the Insei (level 3, -1/26 HPs)
             Began as a Human Transmuter on May 28, 2023.
             Slain by Sigmund
             ... wielding a +0 scythe
              (10 damage)
             ... on level 2 of the Dungeon.
             The game lasted 00:03:09 (927 turns).

Irreverend the Insei (Human Transmuter)              Turns: 927, Time: 00:03:09

Health: -1/26      AC:  2    Str: 10    XL:     3   Next: 60%
Magic:  4/6        EV: 12    Int: 15    God:
Gold:   68         SH:  0    Dex: 13    Spells: 3/6 levels left

rFire   . .          .
                       - Unarmed
rCold   . . .        (no shield)
rNeg    . . .        a - +0 robe
rPois   .            (no helmet)
rElec   .            (no cloak)
rCorr   .            (no gloves)
SInv    .            (no boots)
Will    .....        (no amulet)
Stlth   +            (no ring)
HPRegen 0.24/turn    (no ring)
MPRegen 0.10/turn

%: no passive effects
@: wereblooded
A: no striking features
a: no special abilities


You were on level 2 of the Dungeon.
You visited 1 branch of the dungeon, and saw 2 of its levels.

You collected 68 gold pieces.

Inventory:

Armour
 a - a +0 robe (worn)
 e - a +0 ring mail
 f - a +0 leather armour
Scrolls
 c - a scroll of enchant armour {unknown}
 d - 3 scrolls of identify {unknown}
 g - a scroll of amnesia {unknown}
Potions
 b - a potion of lignification


   Skills:
 + Level 1.5 Fighting
 + Level 2.4 Dodging
 * Level 3.6 Unarmed Combat
 - Level 2.0 Spellcasting
 + Level 2.3 Transmutations


You had 3 spell levels left.
You knew the following spells:

 Your Spells              Type           Power      Damage    Failure   Level
a - Beastly Appendage     Tmut           16%        N/A       9%          1
b - Wereblood             Tmut           8%         N/A       13%         2

Your spell library contained the following spells:

 Spells                   Type           Power      Damage    Failure   Level
 Spider Form              Tmut/Pois      5%         N/A       38%         3
 Ice Form                 Ice/Tmut       5%         N/A       80%         4


Dungeon Overview and Level Annotations

Branches:
Dungeon (2/15)

Altars:

Shops:
D:2 (

Annotations:
D:2 Sigmund


Message History

You see here 4 large rocks.
Your horns disappear.
Your talons disappear.
g - a scroll labelled EGURRA UCAF Sigmund the Dreaded comes into view.
He is wielding a +0 scythe.
Sigmund is nearby!
Casting: Beastly Appendage (safe; 9% risk of failure)
Confirm with . or Enter, or press ? or * to list all spells.
You miscast Beastly Appendage.
You are very lightly contaminated with residual magic.
Nothing appears to happen.
Sigmund shouts!
Sigmund gestures at you while chanting. The puff of flame hits you.
Casting: Beastly Appendage (safe; 9% risk of failure)
Confirm with . or Enter, or press ? or * to list all spells.
Your blood is infused with primal strength.
Sigmund casts a spell at you. The puff of flame hits you!
Sigmund barely misses you. Sigmund hits you with a +0 scythe.
You closely miss Sigmund. You hit Sigmund but do no damage.
Sigmund closely misses you.
Your magical contamination has completely faded away.
You hit Sigmund.
Sigmund is moderately wounded.
Sigmund hits you with a +0 scythe!
You are too injured to fight recklessly!
You are too injured to fight recklessly!
You are too injured to fight recklessly!
You are too injured to fight recklessly!
You are too injured to fight recklessly!
You are too injured to fight recklessly!
You are too injured to fight recklessly!
You are too injured to fight recklessly!
You completely miss Sigmund.
Sigmund is moderately wounded.
You barely miss Sigmund.
Sigmund is moderately wounded.
Sigmund hits you with a +0 scythe!
You die...

######..##.. #.............#
........##... #...†......####
..).....+.... #...|......####
........#..... #..............
##########.... #...........###
.......# #..... #..............
######)# #.....####..........####
######.#####...@.############# #
...........#....@....# #####
...........#.......?.########....
...........#.........##.......)..
...........########.......(...###
.###...##### #..##.#...#.# .#
#...# ...............< .# #...#
######.###.###.### ## ###...
.......# #.# #..## ####.>..# #.#


You could see Sigmund.

Vanquished Creatures
  A worm (D:2)
  A dart slug (D:1)
  4 bats
  5 endoplasms (D:1)
  2 giant cockroaches
  3 hobgoblins
  4 ball pythons
  2 frilled lizards (D:2)
  5 kobolds
  7 rats
34 creatures vanquished.

Notes
Turn   | Place    | Note
-------+----------+-------------------------------------------
     0 | D:1      | Irreverend the Human Transmuter began the quest for the
                  | Orb.
     0 | D:1      | Reached XP level 1. HP: 15/15 MP: 3/3
   147 | D:1      | Reached XP level 2. HP: 21/21 MP: 5/5
   430 | D:1      | Reached XP level 3. HP: 26/26 MP: 4/6
   703 | D:2      | Found Humeh's Weapon Shop.
   836 | D:2      | Learned a level 2 spell: Wereblood
   916 | D:2      | Noticed Sigmund
   927 | D:2      | Slain by Sigmund

Illustrated notes

Levels and vault maps discovered:
D:1:      lightli_arrival_quake, layout_rooms
D:2:      layout_basic, serial_shops, shop, serial_bayou_lagoon_b, uniq_sigmund

Action                     || total
---------------------------++-------
  Melee: Unarmed           ||    67
         Kick              ||    14
         Headbutt          ||     7
         Punch             ||     2
   Cast: Beastly Appendage ||    16
         Wereblood         ||     1
   Stab: Sleeping          ||     1
 Armour: Robe              ||     7
         Ring mail         ||     2
         Leather armour    ||     2
  Dodge: Dodged            ||    49
